 Dungeon Crawl Stone Soup version 0.29.1-2-gbd0b4ee654 (webtiles) character file.

Game seed: 719669040517742095

26 Descartes the Ducker (level 2, 0/15 HPs)
             Began as a Felid Wanderer on Nov 29, 2022.
             Slain by a giant cockroach (1 damage)
             ... on level 2 of the Dungeon.
             The game lasted 00:00:53 (1211 turns).

Descartes the Ducker (Felid Wanderer)               Turns: 1211, Time: 00:00:54

Health: 0/15       AC:  1    Str:  8    XL:     2   Next: 89%
Magic:  3/3        EV: 19    Int: 11    God:
Gold:   42         SH:  0    Dex: 17    Spells: 1/1 levels left
                                        Lives:  0   Deaths: 0

rFire   . . .      SeeInvis +     - Unarmed
rCold   . . .      Faith    .   (shield unavailable)
rNeg    . . .      Spirit   .   (body armour unavailable)
rPois   .          Reflect  .   (helmet unavailable)
rElec   .          Harm     .   (cloak unavailable)
rCorr   .          Rampage  .   (gloves unavailable)
Will    .....                   (boots unavailable)
Stlth   ++........              (no amulet)
HPRegen 0.05/turn               (no ring)
MPRegen 0.08/turn               (no ring)

@: quick
A: very small, claws 1, fangs 3, see invisible, speed 1, shaggy fur 1, stealthy
paws, no weapons or thrown items, no armour, multi-lived
a: no special abilities


You were on level 2 of the Dungeon.
You visited 1 branch of the dungeon, and saw 2 of its levels.

You collected 42 gold pieces.

Inventory:

Scrolls
 b - 2 scrolls of fog
 c - a scroll of acquirement {unknown}
 d - a scroll of enchant armour {unknown}
 e - a scroll of identify {unknown}
 f - a scroll of blinking {unknown}
Potions
 a - a potion of curing


   Skills:
 - Level 4.0 Fighting
 + Level 4.6 Dodging
 + Level 2.0 Stealth
 + Level 1.2 Unarmed Combat
 - Level 1.0 Invocations
 - Level 2.1 Evocations


You had one spell level left.
You didn't know any spells.
Your spell library contained the following spells:

 Spells                   Type           Power      Damage    Failure   Level
 Sandblast                Erth           0%         2d4       34%         1
 Passwall                 Tmut/Erth      0%         N/A       47%         2
 Stone Arrow              Conj/Erth      0%         3d7       71%         3


Dungeon Overview and Level Annotations

Branches:
Dungeon (2/15)

Altars:


Innate Abilities, Weirdness & Mutations

You have sharp claws.
You have razor-sharp teeth.
You have supernaturally acute eyesight. (SInv)
You cover ground quickly. (Speed+)
You are covered in fur. (AC +1)
Your paws help you pounce on unaware monsters.
You are incapable of wielding weapons or throwing items.
You cannot wear armour.
You gain extra lives every three experience levels.


Message History

The giant cockroach is moderately wounded.
The giant cockroach misses you. The giant cockroach closely misses you.
The giant cockroach barely misses you. The kobold completely misses you.
You closely miss the giant cockroach. You bite the giant cockroach.
The giant cockroach is almost dead.
The giant cockroach bites you. The giant cockroach barely misses you.
The giant cockroach closely misses you.
The giant cockroach completely misses you.
The kobold closely misses you.
You barely miss the giant cockroach.
The giant cockroach is severely wounded.
The giant cockroach misses you. x2; The giant cockroach bites you.
The giant cockroach misses you. The kobold hits you with a +0 whip.
* * * LOW HITPOINT WARNING * * *
The giant cockroach misses you.
You are too injured to fight recklessly!
You are too injured to fight recklessly!
You are too injured to fight recklessly!
You are too injured to fight recklessly!
You are too injured to fight recklessly!
You are too injured to fight recklessly!
You are too injured to fight recklessly!
You are too injured to fight recklessly!
You are too injured to fight recklessly!
You are too injured to fight recklessly!
You are too injured to fight recklessly!
You are too injured to fight recklessly!
You are too injured to fight recklessly!
You are too injured to fight recklessly!
Unknown command.
You scratch the giant cockroach but do no damage.
The giant cockroach misses you. The giant cockroach closely misses you.
The giant cockroach barely misses you. The giant cockroach bites you.
* * * LOW HITPOINT WARNING * * *
The kobold completely misses you. The giant cockroach closely misses you.
The giant cockroach misses you.
You scratch the giant cockroach.
The giant cockroach is severely wounded.
The giant cockroach bites you.
You die...

##..###.#
##....###.....#
##$?.?..##.....#
#........#.....#
#..B.....#.....#
#........#)....#
#.......(#.###.#
#BKB...##(# #.#
#@B..##..# #.# ..
###B####..## #.#
...#..†..##.## #.#
..........##..####.#
.....<....###...##.#
..........#####.##.#
.$............#.## #
####+####.###.#..#..#
#........)#


You could see 5 giant cockroaches and a kobold.

Vanquished Creatures
  An adder (D:2)
  4 ball pythons (D:1)
  2 endoplasms (D:1)
  4 giant cockroaches
  A goblin (D:1)
  A hobgoblin (D:1)
  A bat (D:2)
  2 rats
16 creatures vanquished.

Notes
Turn   | Place    | Note
-------+----------+-------------------------------------------
     0 | D:1      | Descartes the Felid Wanderer began the quest for the Orb.
     0 | D:1      | Descartes set off with the following items: a potion of
                  | curing, 2 scrolls of fog.
     0 | D:1      | Reached XP level 1. HP: 11/11 MP: 2/2
   440 | D:1      | Reached skill level 1 in Stealth
   761 | D:1      | Reached XP level 2. HP: 15/15 MP: 3/3
   771 | D:1      | Found a faded altar of an unknown god.
  1090 | D:2      | Reached skill level 1 in Unarmed Combat
  1211 | D:2      | Slain by a giant cockroach

Illustrated notes

Levels and vault maps discovered:
D:1:      elethiomel_arrival_quiet, layout_basic, basic_ecumenical_altar
D:2:      minmay_roachtagon, layout_basic

Skill      XL: |  1  2 |
---------------+-------+-----
Stealth        | 1 2 |  2.0
Unarmed Combat | 1 |  1.2
Fighting       | |  4.0
Dodging        | |  4.6
Invocations    | |  1.0
Evocations     | |  2.1

Action                   || total
-------------------------++-------
Melee: Unarmed           ||    60
       Bite              ||    10
 Stab: Sleeping          ||     4
Armor: Skin              ||     4
Dodge: Dodged            ||    66
